 Dungeon Crawl Stone Soup version 0.24-a0-243-g8f5f5cd (webtiles) character file.

Game seed: 3096556839719182997

24178 Gorice the Protected (level 13, -3/101 HPs)
             Began as a Gnoll Wanderer on Apr 9, 2019.
             Was an Elder of the Shining One.
             Slain by a two-headed ogre
             ... wielding a +0 giant club
              (6 damage)
             ... while paralysed by an ogre mage
             ... on level 2 of the Orcish Mines.
             The game lasted 01:07:43 (19309 turns).

Gorice the Protected (Gnoll Wanderer)              Turns: 19309, Time: 01:07:44

Health: -3/101     AC: 20    Str: 17    XL:     13   Next: 11%
Magic:  24/24      EV:  2    Int: 15    God:    the Shining One [****..]
Gold:   1252       SH:  0    Dex: 17    Spells: 27/27 levels left

rFire    . . .     SeeInvis .   a - +3 short sword (venom)
rCold    . . .     Gourm    .   (no shield)
rNeg     + + .     Faith    .   Q - +0 plate armour
rPois    +         Spirit   .   (no helmet)
rElec    .         Reflect  .   p - +0 cloak
rCorr    .         Harm     .   U - +1 pair of gloves "Qigihul" {rPois}
MR       .....                  z - +1 pair of boots
Stlth    ..........             (no amulet)
HPRegen  0.26/turn              (no ring)
MPRegen  0.19/turn              (no ring)

@: paralysed, hasted, glowing
A: distributed training, fangs 1, strong nose
a: Divine Shield, Cleansing Flame, Renounce Religion


You were on level 2 of the Orcish Mines.
You worshipped the Shining One.
The Shining One was greatly pleased with you.
You were not hungry.

You visited 4 branches of the dungeon, and saw 16 of its levels.

You collected 1252 gold pieces.

Inventory:

Hand Weapons
 a - a +3 short sword of venom (weapon)
   (You found it on level 2 of the Dungeon)
 b - a +2 hand crossbow
 e - a +0 great sword
 q - a +0 morningstar
 w - a +0 quarterstaff of holy wrath
   (You found it on level 7 of the Dungeon)
 y - a +0 war axe
 A - a +2 antimagic flail
   (You took it off an orc on level 9 of the Dungeon)
 B - a -1 blowgun
 C - a +0 glaive
Missiles
 i - 5 javelins (quivered)
 H - 11 curare-tipped needles
 I - 3 bolts
 T - 4 tomahawks
 Y - 418 stones
 Z - a throwing net {!f}
Armour
 p - a +0 cloak (worn)
 t - a +0 shield
 z - a +1 pair of boots (worn)
 Q - a +0 plate armour (worn)
 U - the +1 pair of gloves "Qigihul" (worn) {rPois}
   (You found it on level 1 of the Lair of Beasts)

   It protects you from poison.
Jewellery
 F - an uncursed ring of fire
Wands
 v - a wand of flame (37)
 D - a wand of scattershot (5)
 J - a wand of paralysis (11)
Scrolls
 d - 2 scrolls of amnesia
 g - 2 scrolls of magic mapping {!r}
 k - 2 scrolls of enchant armour
 n - a scroll of fear {!r}
 u - a scroll of summoning {!r}
 x - 7 scrolls of remove curse
 G - 3 scrolls of blinking
 K - 2 scrolls of identify
 L - 4 scrolls of teleportation {!r}
 P - a scroll of enchant weapon
Potions
 c - 3 potions of lignification {!q}
 j - a potion of magic {!q}
 l - a potion of flight
 m - 2 potions of haste {!q}
 o - a potion of might {!q}
 r - a potion of mutation {!q}
 s - 5 potions of agility {!q}
 E - a potion of cancellation {!q}
 O - 3 potions of curing
 V - a potion of berserk rage
Comestibles
 f - 24 rations
 h - 2 chunks of flesh


   Skills:
 + Level 9.1 Fighting
 + Level 7.8 Short Blades
 + Level 7.8 Long Blades
 + Level 9.1 Axes
 + Level 7.8 Maces & Flails
 + Level 7.8 Polearms
 + Level 7.8 Staves
 + Level 7.8 Slings
 + Level 7.8 Bows
 + Level 9.1 Crossbows
 + Level 8.3 Throwing
 + Level 9.1 Armour
 + Level 7.8 Dodging
 + Level 7.8 Stealth
 + Level 7.8 Shields
 + Level 7.8 Unarmed Combat
 + Level 7.8 Spellcasting
 + Level 6.5 Conjurations
 + Level 6.5 Hexes
 + Level 6.5 Charms
 + Level 6.5 Summonings
 + Level 6.5 Necromancy
 + Level 6.5 Translocations
 + Level 6.5 Transmutations
 + Level 6.5 Fire Magic
 + Level 6.5 Ice Magic
 + Level 6.5 Air Magic
 + Level 6.5 Earth Magic
 + Level 6.5 Poison Magic
 + Level 8.6 Invocations
 + Level 8.3 Evocations


You had 27 spell levels left.
You didn't know any spells.
Your spell library contained the following spells:

 Spells                   Type           Power        Failure   Level  Hunger
 Confusing Touch          Hex            ####..       24%         1    None
 Corona                   Hex            ####...      24%         1    None
 Freeze                   Ice            ####         24%         1    None
 Ensorcelled Hibernation  Hex/Ice        ####..       34%         2    None
 Throw Frost              Conj/Ice       ####..       34%         2    None
 Confuse                  Hex            ####....     56%         3    ##.....
 Dazzling Spray           Conj/Hex       ####..       56%         3    ##.....
 Gell's Gravitas          Tloc           ####......   56%         3    ##.....
 Ozocubu's Armour         Chrm/Ice       ####....     56%         3    ##.....
 Tukima's Dance           Hex            ####....     56%         3    ##.....
 Petrify                  Tmut/Erth      ####....     93%         4    ####...
 Summon Ice Beast         Ice/Summ       ####....     93%         4    ####...
 Throw Icicle             Conj/Ice       ####....     93%         4    ####...
 Metabolic Englaciation   Hex/Ice        ####......   100%        5    #####..
 Yara's Violent Unravell  Hex/Tmut       ####......   100%        5    #####..


Dungeon Overview and Level Annotations

Branches:
Dungeon (11/15)            Temple (1/1) D:4            Lair (2/6) D:9
    Orc (2/2) D:9             Elf (0/3) Orc:2
  Swamp: Lair:2-4    Shoals: Lair:2-4     Snake: Lair:2-4    Spider: Lair:2-4

Altars:
Ashenzari
Cheibriados
Dithmenos
Elyvilon
Fedhas
Gozag
Hepliaklqana
Kikubaaqudgha
Makhleb
Nemelex Xobeh
Okawaru
Qazlal
Ru
Sif Muna
Trog
Uskayaw
Vehumet
Wu Jian
Xom
Yredelemnul
Zin
The Shining One

Shops:
D:9 :   D:10 }   Orc:1 }

Annotations:
D:11 3 runed translucent doors: ghost vault w mutators
Lair:1 3 runed translucent doors, KristoblXynda's ghost, novice NaGl
Lair:2 !!!!!!!!!!!!!!!!!!!!!!!!!!!!!!!!!!!!!!!!!!!!!!!!!!!!!!!!!!!!!!!!!!!!!!!!


Innate Abilities, Weirdness & Mutations

Your experience applies equally to all skills.
You have very sharp teeth.
Your uncanny sense of smell can sniff out nearby items.


Message History

You hear a shout!
An ogre mage comes into view. It is wielding a +0 halberd.
Damage: 8 (max 8)
The ogre mage gestures wildly while chanting.
The ogre mage seems to speed up.
An ogre mage comes into view. It is wielding a +0 spear.
The ogre mage closely misses you.
An ogre comes into view. It is wielding a +0 giant club.
The ogre shouts!
The ogre mage gestures at the two-headed ogre while chanting.
The two-headed ogre seems to speed up.
The ogre hits you with a +0 giant club.
Damage: 2 (max 8)
The ogre mage mumbles some strange words.
The ogre mage flickers and vanishes for a moment.
The two-headed ogre barely misses you.
The two-headed ogre hits you but does no damage.
The ogre mage points at you and mumbles some strange words.
The bolt of lightning hits you!!
The ogre mage gestures at the two-headed ogre while chanting.
The two-headed ogre seems to speed up.
The two-headed ogre seems to speed up.
Damage: 22 (max 22)
The ogre mage casts a spell at the two-headed ogre.
The two-headed ogre seems to speed up.
Really quaff
m - 3 potions of haste {!q}?
You feel yourself speed up.
The ogre seems to speed up.
The two-headed ogre hits you but does no damage.
The two-headed ogre closely misses you.
The ogre mage gestures at you while chanting.
You suddenly lose the ability to move!
The two-headed ogre hits you but does no damage. x3
The two-headed ogre hits you with a +0 giant club!
The two-headed ogre hits you but does no damage.
The two-headed ogre completely misses you.
The ogre mage hits you but does no damage. x2
The two-headed ogre hits you with a +0 giant club!
The two-headed ogre hits you with a +0 giant club. x2
The two-headed ogre hits you with a +0 giant spiked club!!
* * * LOW HITPOINT WARNING * * *
The two-headed ogre hits you with a +0 giant spiked club!
* * * LOW HITPOINT WARNING * * *
The two-headed ogre hits you but does no damage.
The two-headed ogre hits you with a +0 giant club.
* * * LOW HITPOINT WARNING * * *
The two-headed ogre hits you but does no damage.
The ogre mage hits you but does no damage.
The two-headed ogre hits you with a +0 giant club.
* * * LOW HITPOINT WARNING * * *
The two-headed ogre hits you with a +0 giant club.
You die...

#.............##
#...OO.O.......#
#.OOOOOO.......#
#.....O....#...#
##^....O........#
##...oO.O.......##
......O.O.......##
...#..OOOOO......#
.#.....O@O..##..##
......#....##...#
.....#......##.##
.#..........####
##..........##
###.........#
###....##..##
##......#.##.##
#.............#


You could see 11 two-headed ogres, 3 ogre magi, an orc warrior and 8 ogres.

Vanquished Creatures
  An ettin (Orc:2)
  A hydra (Lair:1)
  A two-headed ogre (D:9)
  Sonja (Lair:1)
  An unseen horror (D:10)
  2 orc sorcerers (Orc:1)
  A wolf spider (Lair:1)
  8 elephants
  2 black mambas (Lair:1)
  A komodo dragon (Lair:1)
  3 trolls
  A queen bee (D:8)
  A hornet (Lair:1)
  3 tyrant leeches
  5 blink frogs
  A spriggan (Lair:2)
  A basilisk (D:9)
  19 yaks
  A hungry ghost (D:9)
  3 wargs
  A swamp worm (Lair:2)
  Edmund (D:6)
  4 porcupines (D:9)
  4 water moccasins
  3 ice beasts
  13 orc warriors
  A black bear (D:8)
  A phantom (D:5)
  18 ogres
  9 wolves
  4 centaurs
  2 big kobolds (D:9)
  4 crocodiles
  9 bullfrogs
  2 gnoll sergeants (D:9)
  A water moccasin zombie (D:9)
  7 scorpions
  18 killer bees
  A howler monkey (D:5)
  2 electric eels (Lair:1)
  4 crimson imps
  2 bullfrog zombies
  3 hounds
  A jelly (D:11)
  7 orc wizards
  A centaur zombie (D:8)
  14 orc priests
  5 centaur skeletons
  7 iguanas
  2 worker ants
  23 adders
  4 gnolls (D:9)
  A shadow imp (D:11)
  3 adder skeletons
  2 worms
  2 dart slugs (D:2)
  4 leopard geckos
  47 orcs
  A ball python (D:3)
  9 bats
  4 giant cockroaches
  10 goblins
  6 hobgoblins
  15 jackals
  4 quokkas
  4 frilled lizards
  12 kobolds
  2 quokka skeletons
  A quokka zombie (D:6)
  6 rats
368 creatures vanquished.

Vanquished Creatures (others)
  108 fungi
  118 plants
226 creatures vanquished.

Grand Total: 594 creatures vanquished

Notes
Turn   | Place    | Note
-------+----------+-------------------------------------------
     0 | D:1      | Gorice the Gnoll Wanderer began the quest for the Orb.
     0 | D:1      | Gorice set off with the following items: a +2 hand
                  | crossbow, 24 bolts, a potion of lignification {!q}, a wand
                  | of random effects (15), a +0 robe, a ration
     0 | D:1      | Reached XP level 1. HP: 20/20 MP: 2/2
   173 | D:1      | Reached XP level 2. HP: 26/26 MP: 3/3
   216 | D:1      | You fall through a shaft!
   453 | D:1      | Reached XP level 3. HP: 31/31 MP: 4/4
   794 | D:2      | Reached skill level 1 in Invocations
  1055 | D:2      | Reached skill level 1 in Short Blades
  1055 | D:2      | Reached skill level 1 in Long Blades
  1055 | D:2      | Reached skill level 1 in Maces & Flails
  1055 | D:2      | Reached skill level 1 in Polearms
  1055 | D:2      | Reached skill level 1 in Staves
  1055 | D:2      | Reached skill level 1 in Slings
  1055 | D:2      | Reached skill level 1 in Bows
  1055 | D:2      | Reached skill level 1 in Dodging
  1055 | D:2      | Reached skill level 1 in Stealth
  1055 | D:2      | Reached skill level 1 in Shields
  1055 | D:2      | Reached skill level 1 in Unarmed Combat
  1055 | D:2      | Reached skill level 1 in Spellcasting
  1108 | D:2      | Reached XP level 4. HP: 38/38 MP: 6/6
  1592 | D:3      | Found a shimmering altar of Xom.
  1670 | D:3      | Reached skill level 1 in Conjurations
  1670 | D:3      | Reached skill level 1 in Hexes
  1670 | D:3      | Reached skill level 1 in Charms
  1670 | D:3      | Reached skill level 1 in Summonings
  1670 | D:3      | Reached skill level 1 in Necromancy
  1670 | D:3      | Reached skill level 1 in Translocations
  1670 | D:3      | Reached skill level 1 in Transmutations
  1670 | D:3      | Reached skill level 1 in Fire Magic
  1670 | D:3      | Reached skill level 1 in Ice Magic
  1670 | D:3      | Reached skill level 1 in Air Magic
  1670 | D:3      | Reached skill level 1 in Earth Magic
  1670 | D:3      | Reached skill level 1 in Poison Magic
  1670 | D:3      | Reached XP level 5. HP: 29/43 MP: 7/7
  2001 | D:3      | Found a faded altar of an unknown god.
  2048 | D:3      | Reached skill level 3 in Throwing
  2048 | D:3      | Reached skill level 3 in Evocations
  2363 | D:4      | Found a staircase to the Ecumenical Temple.
  2476 | D:4      | Reached skill level 2 in Invocations
  2476 | D:4      | Reached XP level 6. HP: 50/50 MP: 8/8
  2595 | Temple   | Entered the Ecumenical Temple
  2922 | Temple   | Became a worshipper of the Shining One
  3379 | D:5      | Entered Level 5 of the Dungeon
  3398 | D:5      | Reached skill level 5 in Fighting
  3398 | D:5      | Reached skill level 2 in Short Blades
  3398 | D:5      | Reached skill level 2 in Long Blades
  3398 | D:5      | Reached skill level 5 in Axes
  3398 | D:5      | Reached skill level 2 in Maces & Flails
  3398 | D:5      | Reached skill level 2 in Polearms
  3398 | D:5      | Reached skill level 2 in Staves
  3398 | D:5      | Reached skill level 2 in Slings
  3398 | D:5      | Reached skill level 2 in Bows
  3398 | D:5      | Reached skill level 5 in Crossbows
  3398 | D:5      | Reached skill level 5 in Armour
  3398 | D:5      | Reached skill level 2 in Dodging
  3398 | D:5      | Reached skill level 2 in Stealth
  3398 | D:5      | Reached skill level 2 in Shields
  3398 | D:5      | Reached skill level 2 in Unarmed Combat
  3398 | D:5      | Reached skill level 2 in Spellcasting
  3594 | D:5      | Reached XP level 7. HP: 31/56 MP: 10/10
  3822 | D:5      | Reached skill level 2 in Conjurations
  3822 | D:5      | Reached skill level 2 in Hexes
  3822 | D:5      | Reached skill level 2 in Charms
  3822 | D:5      | Reached skill level 2 in Summonings
  3822 | D:5      | Reached skill level 2 in Necromancy
  3822 | D:5      | Reached skill level 2 in Translocations
  3822 | D:5      | Reached skill level 2 in Transmutations
  3822 | D:5      | Reached skill level 2 in Fire Magic
  3822 | D:5      | Reached skill level 2 in Ice Magic
  3822 | D:5      | Reached skill level 2 in Air Magic
  3822 | D:5      | Reached skill level 2 in Earth Magic
  3822 | D:5      | Reached skill level 2 in Poison Magic
  3994 | D:5      | Got an ivory quarterstaff
  3995 | D:5      | Identified the +4 quarterstaff "Beastbane" {chaos, rPois
                  | rN++} (You found it on level 5 of the Dungeon)
  4071 | D:5      | Reached skill level 3 in Invocations
  4125 | D:5      | Reached XP level 8. HP: 22/63 MP: 12/12
  4151 | D:5      | HP: 18/63 [poisoned by a scorpion]
  4468 | D:5      | Reached skill level 3 in Short Blades
  4468 | D:5      | Reached skill level 3 in Long Blades
  4468 | D:5      | Reached skill level 3 in Maces & Flails
  4468 | D:5      | Reached skill level 3 in Polearms
  4468 | D:5      | Reached skill level 3 in Staves
  4468 | D:5      | Reached skill level 3 in Slings
  4468 | D:5      | Reached skill level 3 in Bows
  4468 | D:5      | Reached skill level 4 in Throwing
  4468 | D:5      | Reached skill level 3 in Dodging
  4468 | D:5      | Reached skill level 3 in Stealth
  4468 | D:5      | Reached skill level 3 in Shields
  4468 | D:5      | Reached skill level 3 in Unarmed Combat
  4468 | D:5      | Reached skill level 3 in Spellcasting
  4468 | D:5      | Reached skill level 4 in Evocations
  4537 | D:5      | Reached * piety under the Shining One
  4816 | D:6      | Found a burning altar of Makhleb.
  5004 | D:6      | Noticed Edmund
  5033 | D:6      | Killed Edmund
  5407 | D:7      | Reached skill level 3 in Conjurations
  5407 | D:7      | Reached skill level 3 in Hexes
  5407 | D:7      | Reached skill level 3 in Charms
  5407 | D:7      | Reached skill level 3 in Summonings
  5407 | D:7      | Reached skill level 3 in Necromancy
  5407 | D:7      | Reached skill level 3 in Translocations
  5407 | D:7      | Reached skill level 3 in Transmutations
  5407 | D:7      | Reached skill level 3 in Fire Magic
  5407 | D:7      | Reached skill level 3 in Ice Magic
  5407 | D:7      | Reached skill level 3 in Air Magic
  5407 | D:7      | Reached skill level 3 in Earth Magic
  5407 | D:7      | Reached skill level 3 in Poison Magic
  5407 | D:7      | Reached skill level 4 in Invocations
  5417 | D:7      | Reached skill level 6 in Fighting
  5417 | D:7      | Reached skill level 6 in Axes
  5417 | D:7      | Reached skill level 6 in Crossbows
  5417 | D:7      | Reached skill level 6 in Armour
  5417 | D:7      | Reached XP level 9. HP: 57/69 MP: 14/14
  5619 | D:7      | Reached skill level 4 in Short Blades
  5619 | D:7      | Reached skill level 4 in Long Blades
  5619 | D:7      | Reached skill level 4 in Maces & Flails
  5619 | D:7      | Reached skill level 4 in Polearms
  5619 | D:7      | Reached skill level 4 in Staves
  5619 | D:7      | Reached skill level 4 in Slings
  5619 | D:7      | Reached skill level 4 in Bows
  5619 | D:7      | Reached skill level 4 in Dodging
  5619 | D:7      | Reached skill level 4 in Stealth
  5619 | D:7      | Reached skill level 4 in Shields
  5619 | D:7      | Reached skill level 4 in Unarmed Combat
  5619 | D:7      | Reached skill level 4 in Spellcasting
  6096 | D:7      | Reached skill level 5 in Throwing
  6096 | D:7      | Reached skill level 5 in Evocations
  6387 | D:8      | Noticed a queen bee
  6403 | D:7      | HP: 21/70 [killer bee (2)]
  6409 | D:7      | HP: 18/70 [poisoned by a killer bee]
  6414 | D:7      | HP: 17/70 [poisoned by a killer bee]
  6421 | D:7      | HP: 17/70 [poisoned by a killer bee]
  6429 | D:7      | HP: 16/70 [poisoned by a killer bee]
  6757 | D:8      | HP: 20/71 [poisoned by a killer bee]
  6772 | D:8      | HP: 21/71 [poisoned by a killer bee]
  6777 | D:8      | HP: 19/71 [poisoned by a killer bee]
  6784 | D:8      | HP: 18/71 [poisoned by a killer bee]
  6791 | D:8      | HP: 17/71 [poisoned by a killer bee]
  6799 | D:8      | HP: 17/71 [poisoned by a killer bee]
  7069 | D:8      | Reached skill level 5 in Invocations
  7210 | D:8      | Killed a queen bee
  7210 | D:8      | Reached XP level 10. HP: 64/77 MP: 15/17
  7233 | D:8      | Reached skill level 4 in Conjurations
  7233 | D:8      | Reached skill level 4 in Hexes
  7233 | D:8      | Reached skill level 4 in Charms
  7233 | D:8      | Reached skill level 4 in Summonings
  7233 | D:8      | Reached skill level 4 in Necromancy
  7233 | D:8      | Reached skill level 4 in Translocations
  7233 | D:8      | Reached skill level 4 in Transmutations
  7233 | D:8      | Reached skill level 4 in Fire Magic
  7233 | D:8      | Reached skill level 4 in Ice Magic
  7233 | D:8      | Reached skill level 4 in Air Magic
  7233 | D:8      | Reached skill level 4 in Earth Magic
  7233 | D:8      | Reached skill level 4 in Poison Magic
  7925 | D:8      | Found an ancient bone altar of Kikubaaqudgha.
  8010 | D:9      | Found Hein's Book Shoppe.
  8039 | D:9      | Reached skill level 5 in Short Blades
  8039 | D:9      | Reached skill level 5 in Long Blades
  8039 | D:9      | Reached skill level 5 in Maces & Flails
  8039 | D:9      | Reached skill level 5 in Polearms
  8039 | D:9      | Reached skill level 5 in Staves
  8039 | D:9      | Reached skill level 5 in Slings
  8039 | D:9      | Reached skill level 5 in Bows
  8039 | D:9      | Reached skill level 5 in Dodging
  8039 | D:9      | Reached skill level 5 in Stealth
  8039 | D:9      | Reached skill level 5 in Shields
  8039 | D:9      | Reached skill level 5 in Unarmed Combat
  8039 | D:9      | Reached skill level 5 in Spellcasting
  8262 | D:9      | Reached skill level 7 in Fighting
  8262 | D:9      | Reached skill level 7 in Axes
  8262 | D:9      | Reached skill level 7 in Crossbows
  8262 | D:9      | Reached skill level 7 in Armour
  8275 | D:9      | HP: 20/79 [yak (9)]
  8283 | D:9      | HP: 15/79 [yak (7)]
  8589 | D:9      | Found a staircase to the Lair.
  8615 | D:9      | Reached skill level 6 in Throwing
  8615 | D:9      | Reached skill level 6 in Evocations
  8650 | D:9      | Noticed a two-headed ogre
  8668 | D:9      | Reached ** piety under the Shining One
  8674 | D:9      | Killed a two-headed ogre
  8674 | D:9      | Reached skill level 6 in Invocations
  8795 | D:9      | Found a staircase to the Orcish Mines.
  9192 | D:9      | Reached XP level 11. HP: 70/84 MP: 19/19
  9387 | D:9      | HP: 23/84 [troll (7)]
 10063 | Lair:1   | Entered Level 1 of the Lair of Beasts
 10073 | Lair:1   | Got a pair of spiked gloves
 10074 | Lair:1   | Identified the +1 pair of gloves "Qigihul" {rPois} (You
                  | found it on level 1 of the Lair of Beasts)
 10120 | D:9      | Reached skill level 6 in Short Blades
 10120 | D:9      | Reached skill level 6 in Long Blades
 10120 | D:9      | Reached skill level 6 in Maces & Flails
 10120 | D:9      | Reached skill level 6 in Polearms
 10120 | D:9      | Reached skill level 6 in Staves
 10120 | D:9      | Reached skill level 6 in Slings
 10120 | D:9      | Reached skill level 6 in Bows
 10120 | D:9      | Reached skill level 6 in Dodging
 10120 | D:9      | Reached skill level 6 in Stealth
 10120 | D:9      | Reached skill level 6 in Shields
 10120 | D:9      | Reached skill level 6 in Unarmed Combat
 10120 | D:9      | Reached skill level 6 in Spellcasting
 10318 | D:9      | Reached skill level 5 in Conjurations
 10318 | D:9      | Reached skill level 5 in Hexes
 10318 | D:9      | Reached skill level 5 in Charms
 10318 | D:9      | Reached skill level 5 in Summonings
 10318 | D:9      | Reached skill level 5 in Necromancy
 10318 | D:9      | Reached skill level 5 in Translocations
 10318 | D:9      | Reached skill level 5 in Transmutations
 10318 | D:9      | Reached skill level 5 in Fire Magic
 10318 | D:9      | Reached skill level 5 in Ice Magic
 10318 | D:9      | Reached skill level 5 in Air Magic
 10318 | D:9      | Reached skill level 5 in Earth Magic
 10318 | D:9      | Reached skill level 5 in Poison Magic
 10550 | Lair:1   | Noticed an eight-headed hydra
 10560 | Lair:1   | Killed an eight-headed hydra
 10957 | Lair:1   | Noticed Sonja
 10973 | Lair:1   | Killed Sonja
 11327 | Lair:1   | Reached skill level 7 in Invocations
 11331 | Lair:1   | HP: 25/86 [yak (10)]
 11340 | Lair:1   | HP: 15/86 [yak (4)]
 11660 | Lair:1   | Reached skill level 8 in Fighting
 11660 | Lair:1   | Reached skill level 8 in Axes
 11660 | Lair:1   | Reached skill level 8 in Crossbows
 11660 | Lair:1   | Reached skill level 7 in Throwing
 11660 | Lair:1   | Reached skill level 8 in Armour
 11660 | Lair:1   | Reached skill level 7 in Evocations
 11755 | Lair:1   | Found a runed translucent gate.
 11756 | Lair:1   | Found a runed translucent gate.
 11756 | Lair:1   | Found a runed translucent gate.
 11906 | Lair:1   | Noticed a wolf spider
 11924 | Lair:1   | Killed a wolf spider
 12168 | Lair:1   | Noticed KristoblXynda's ghost (novice NaGl)
 12535 | Lair:2   | Reached XP level 12. HP: 83/93 MP: 22/22
 12630 | Lair:2   | HP: 26/93 [elephant (13)]
 13028 | Lair:1   | HP: 17/94 [tyrant leech (25)]
 13308 | Lair:2   | Reached skill level 7 in Short Blades
 13308 | Lair:2   | Reached skill level 7 in Long Blades
 13308 | Lair:2   | Reached skill level 7 in Maces & Flails
 13308 | Lair:2   | Reached skill level 7 in Polearms
 13308 | Lair:2   | Reached skill level 7 in Staves
 13308 | Lair:2   | Reached skill level 7 in Slings
 13308 | Lair:2   | Reached skill level 7 in Bows
 13308 | Lair:2   | Reached skill level 7 in Dodging
 13308 | Lair:2   | Reached skill level 7 in Stealth
 13308 | Lair:2   | Reached skill level 7 in Shields
 13308 | Lair:2   | Reached skill level 7 in Unarmed Combat
 13308 | Lair:2   | Reached skill level 7 in Spellcasting
 13821 | Lair:1   | HP: 28/94 [wolf (2)]
 13830 | Lair:1   | HP: 21/94 [wolf (2)]
 13836 | Lair:1   | HP: 20/94 [wolf (1)]
 14183 | Lair:2   | Noticed a dire elephant
 14186 | Lair:1   | HP: 27/94 [black mamba (8)]
 14193 | Lair:1   | Reached skill level 6 in Conjurations
 14193 | Lair:1   | Reached skill level 6 in Hexes
 14193 | Lair:1   | Reached skill level 6 in Charms
 14193 | Lair:1   | Reached skill level 6 in Summonings
 14193 | Lair:1   | Reached skill level 6 in Necromancy
 14193 | Lair:1   | Reached skill level 6 in Translocations
 14193 | Lair:1   | Reached skill level 6 in Transmutations
 14193 | Lair:1   | Reached skill level 6 in Fire Magic
 14193 | Lair:1   | Reached skill level 6 in Ice Magic
 14193 | Lair:1   | Reached skill level 6 in Air Magic
 14193 | Lair:1   | Reached skill level 6 in Earth Magic
 14193 | Lair:1   | Reached skill level 6 in Poison Magic
 14639 | Lair:2   | HP: 28/94 [dire elephant (25)]
 14656 | Lair:2   | HP: 18/94 [swamp worm/harpoon shot (1)]
 15068 | D:10     | Entered Level 10 of the Dungeon
 15090 | D:10     | Reached skill level 8 in Invocations
 15192 | D:10     | Reached *** piety under the Shining One
 15360 | D:10     | Found Gouxiam's Gadget Emporium.
 16124 | D:11     | Found a runed translucent gate.
 16125 | D:11     | Found a runed translucent gate.
 16125 | D:11     | Found a runed translucent gate.
 16163 | D:11     | Reached skill level 8 in Throwing
 16163 | D:11     | Reached skill level 8 in Evocations
 16829 | Orc:1    | Entered Level 1 of the Orcish Mines
 16980 | Orc:1    | Reached **** piety under the Shining One
 17428 | Orc:1    | Reached skill level 9 in Fighting
 17428 | Orc:1    | Reached skill level 9 in Axes
 17428 | Orc:1    | Reached skill level 9 in Crossbows
 17428 | Orc:1    | Reached skill level 9 in Armour
 17436 | Orc:1    | HP: 25/95 [orc priest/divine providence (12)]
 17458 | D:9      | HP: 9/95 [orc warrior/+0 short sword (9)]
 17958 | Orc:1    | Reached XP level 13. HP: 65/101 MP: 24/24
 18335 | Orc:1    | Found Nuahe's Gadget Emporium.
 18503 | Orc:2    | Entered Level 2 of the Orcish Mines
 19007 | Orc:2    | Found a staircase to the Elven Halls.
 19018 | Orc:2    | Noticed an ettin
 19046 | Orc:2    | Killed an ettin
 19288 | Orc:2    | Noticed an ogre mage
 19293 | Orc:2    | Noticed an ogre mage
 19306 | Orc:2    | Paralysed by an ogre mage for 7 turns
 19308 | Orc:2    | HP: 24/101 [two-headed ogre/+0 giant club (21)]
 19309 | Orc:2    | HP: 7/101 [two-headed ogre/+0 giant club (6)]
 19309 | Orc:2    | HP: 3/101 [two-headed ogre/+0 giant club (4)]
 19309 | Orc:2    | Slain by a two-headed ogre

Levels and vault maps discovered:
D:1:      scummos_arrival_star, layout_loops_cross
D:2:      layout_basic, serial_forest, infiniplex_forest_lined_room_2,
          infiniplex_forest_clump_tiny, infiniplex_forest_lined_3,
          infiniplex_forest_lined_room_2
D:3:      layout_basic, tgw_xom, chequers_ecumenical_altar_twisty, first_ration
D:4:      layout_basic, minmay_temple_entry_offerings
D:5:      layout_basic, minmay_statues_item, columned_hall_lemuel,
          corexii_corridor_pit
D:6:      layout_gridville, nrook_campfire, makhleb_heckhound_becter,
          uniq_edmund
D:7:      layout_basic, hangedman_decor_clover_reticule
D:8:      layout_basic, basic_altar, david_nohive_1, kennysheep_nondescript
D:9:      layout_basic, minmay_lair_entry_grove,
          kennysheep_orc_monster_closet_entryway, serial_shops,
          nicolae_shop_stone
D:10:     layout_gridville, serial_shops, shop_statue, bh_walls_and_bars
D:11:     layout_rooms, ploomutoo_gammafunk_ghost_potion_laboratory
Temple:   regret_index_temple_sigil_plot
Lair:1:   minmay_lair_venomous_thicket, layout_loops_ring,
          ebering_ghost_rock_garden, serial_bayou_shore_a, uniq_sonja
Lair:2:   mu_elephants_graveyard, layout_long_grid, special_room
          [special_room_bee], worms_lemuel
Orc:1:    layout_caves, serial_shops, nicolae_shop_behind_doors
Orc:2:    st_orc_ogre_mass, layout_diamond_mine, uniq_saint_roka

Skill      XL: |  1  2  3  4  5  6  7  8  9 10 11 12 |
---------------+-------------------------------------+-----
Invocations    | 1 2 3 4 5 6 7 8 |  8.6
Short Blades   | 1 2 3 4 5 6 7 |  7.8
Long Blades    | 1 2 3 4 5 6 7 |  7.8
Maces & Flails | 1 2 3 4 5 6 7 |  7.8
Polearms       | 1 2 3 4 5 6 7 |  7.8
Staves         | 1 2 3 4 5 6 7 |  7.8
Slings         | 1 2 3 4 5 6 7 |  7.8
Bows           | 1 2 3 4 5 6 7 |  7.8
Dodging        | 1 2 3 4 5 6 7 |  7.8
Stealth        | 1 2 3 4 5 6 7 |  7.8
Shields        | 1 2 3 4 5 6 7 |  7.8
Unarmed Combat | 1 2 3 4 5 6 7 |  7.8
Spellcasting   | 1 2 3 4 5 6 7 |  7.8
Conjurations   | 1 2 3 4 5 6 |  6.5
Hexes          | 1 2 3 4 5 6 |  6.5
Charms         | 1 2 3 4 5 6 |  6.5
Summonings     | 1 2 3 4 5 6 |  6.5
Necromancy     | 1 2 3 4 5 6 |  6.5
Translocations | 1 2 3 4 5 6 |  6.5
Transmutations | 1 2 3 4 5 6 |  6.5
Fire Magic     | 1 2 3 4 5 6 |  6.5
Ice Magic      | 1 2 3 4 5 6 |  6.5
Air Magic      | 1 2 3 4 5 6 |  6.5
Earth Magic    | 1 2 3 4 5 6 |  6.5
Poison Magic   | 1 2 3 4 5 6 |  6.5
Throwing       | 3 4 5 6 7 8 |  8.3
Evocations     | 3 4 5 6 7 8 |  8.3
Fighting       | 5 6 7 8 9 |  9.1
Axes           | 5 6 7 8 9 |  9.1
Crossbows      | 5 6 7 8 9 |  9.1
Armour         | 5 6 7 8 9 |  9.1

Action                   |  1- 3 |  4- 6 |  7- 9 | 10-12 | 13-15 || total
-------------------------+-------+-------+-------+-------+-------++-------
Melee: Short sword       |       |   184 |   275 |  1116 |    83 ||  1658
       Bite              |       |    20 |    37 |   195 |    20 ||   272
       Punch             |       |       |     1 |    35 |     6 ||    42
 Fire: Hand crossbow     |    84 |    19 |    16 |    75 |       ||   194
Throw: Stone             |       |     3 |    17 |     1 |       ||    21
       Tomahawk          |       |       |       |     7 |     4 ||    11
       Javelin           |       |       |       |       |     3 ||     3
Invok: Divine Shield     |       |       |       |     4 |       ||     4
Evoke: Wand              |       |       |       |    17 |     1 ||    18
  Use: Scroll            |     1 |     9 |     6 |    10 |       ||    26
       Potion            |       |       |     3 |     1 |     1 ||     5
  Eat: Chunk             |       |     8 |     9 |    36 |     4 ||    57
       Ration            |       |       |     1 |       |       ||     1
Armor: Chain mail        |    26 |   135 |   132 |    58 |       ||   351
       Skin              |       |       |    18 |       |       ||    18
       Plate armour      |       |       |       |   485 |    45 ||   530
Dodge: Dodged            |    11 |    67 |   112 |   444 |    29 ||   663
Block: Other             |       |       |       |    14 |       ||    14

Table legend:
 A = Non-vault XP
 B = Vault XP
 C = Vault XP percentage of total XP
 D = Non-vault monster count
 E = Vault monster count
 F = Vault count percentage of total count
                 A         B        C        D         E       F
            +---------+---------+-------+---------+---------+-------
      Total |   22054 |   12487 |  36.2 |     292 |      76 |  20.7
            +---------+---------+-------+---------+---------+-------
        D:1 |      37 |       0 |   0.0 |      21 |       0 |   0.0
        D:2 |      76 |       0 |   0.0 |      24 |       0 |   0.0
        D:3 |     148 |       0 |   0.0 |      31 |       0 |   0.0
        D:4 |     164 |       0 |   0.0 |      14 |       0 |   0.0
        D:5 |    1084 |       0 |   0.0 |      23 |       0 |   0.0
        D:6 |     205 |     206 |  50.1 |      11 |       2 |  15.4
        D:7 |    1526 |     127 |   7.7 |      17 |       2 |  10.5
        D:8 |     632 |    1094 |  63.4 |      12 |      14 |  53.8
        D:9 |    3689 |    3453 |  48.3 |      39 |      32 |  45.1
       D:10 |    2898 |       0 |   0.0 |      20 |       0 |   0.0
       D:11 |     985 |       0 |   0.0 |      20 |       0 |   0.0
     Lair:1 |    5604 |    3301 |  37.1 |      27 |      15 |  35.7
     Lair:2 |    1024 |    4306 |  80.8 |       9 |      11 |  55.0
      Orc:1 |    2183 |       0 |   0.0 |      18 |       0 |   0.0
      Orc:2 |    1799 |       0 |   0.0 |       6 |       0 |   0.0
            +---------+---------+-------+---------+---------+-------

Table legend:
 A = Turns spent in this place as a percentage of turns spent in the entire game.
 B = Non-inter-level travel turns spent in this place as a percentage of non-inter-level travel turns spent in the entire game.
 C = Inter-level travel turns spent in this place as a percentage of turns spent in this place.
 D = Turns resting spent in this place as a percentage of non-inter-level travel turns spent in this place.
 E = Turns spent auto-exploring this place as a percentage of non-inter-level travel turns spent in this place.
 F = Non-inter-level travel turns spent in this place divided by the number of levels of this place that you've seen.
                   A       B       C       D       E      F
               +-------+-------+-------+-------+-------+----------------------
         Total | 100.0 | 100.0 |   3.2 |  37.2 |  32.3 | 1168.6
       Dungeon |  66.7 |  66.5 |   3.6 |  32.1 |  37.0 | 1129.5
        Temple |   1.8 |   1.7 |  12.1 |   0.0 |  93.6 | 312.0
          Lair |  23.7 |  24.0 |   1.9 |  54.6 |  16.5 | 2246.5
  Orcish Mines |   7.7 |   7.8 |   1.3 |  35.2 |  27.5 | 733.5
               +-------+-------+-------+-------+-------+----------------------

Levels and vault maps discovered:
D:1:      scummos_arrival_star, layout_loops_cross
D:2:      layout_basic, serial_forest, infiniplex_forest_lined_room_2,
          infiniplex_forest_clump_tiny, infiniplex_forest_lined_3,
          infiniplex_forest_lined_room_2
D:3:      layout_basic, tgw_xom, chequers_ecumenical_altar_twisty, first_ration
D:4:      layout_basic, minmay_temple_entry_offerings
D:5:      layout_basic, minmay_statues_item, columned_hall_lemuel,
          corexii_corridor_pit
D:6:      layout_gridville, nrook_campfire, makhleb_heckhound_becter,
          uniq_edmund
D:7:      layout_basic, hangedman_decor_clover_reticule
D:8:      layout_basic, basic_altar, david_nohive_1, kennysheep_nondescript
D:9:      layout_basic, minmay_lair_entry_grove,
          kennysheep_orc_monster_closet_entryway, serial_shops,
          nicolae_shop_stone
D:10:     layout_gridville, serial_shops, shop_statue, bh_walls_and_bars
D:11:     layout_rooms, ploomutoo_gammafunk_ghost_potion_laboratory
Temple:   regret_index_temple_sigil_plot
Lair:1:   minmay_lair_venomous_thicket, layout_loops_ring,
          ebering_ghost_rock_garden, serial_bayou_shore_a, uniq_sonja
Lair:2:   mu_elephants_graveyard, layout_long_grid, special_room
          [special_room_bee], worms_lemuel
Orc:1:    layout_caves, serial_shops, nicolae_shop_behind_doors
Orc:2:    st_orc_ogre_mass, layout_diamond_mine, uniq_saint_roka
